 Dungeon Crawl Stone Soup version 0.20-a0-622-g01f5896 (webtiles) character file.

410 Alarkh the Grave Robber (level 6, 0/41 HPs)
             Began as a Mummy Necromancer on Feb 9, 2017.
             Was an Initiate of Okawaru.
             Slain by a quasit (2 damage)
             ... while paralysed
             ... on level 7 of the Dungeon.
             The game lasted 00:06:26 (2879 turns).

Alarkh the Grave Robber (Mummy Necromancer)         Turns: 2879, Time: 00:06:28

Health: 0/41       AC:  2    Str: 11    XL:     6   Next: 58%
Magic:  15/15      EV:  2    Int: 17    God:    Okawaru [......]
Gold:   59         SH:  0    Dex: -3 (12) Spells: 9/17 levels left

rFire    x . .     SeeInvis .   a - +0 trident (venom)
rCold    + + .     Gourm    .   o - +0 robe
rNeg     + + +     Faith    .   (no shield)
rPois    ∞         Spirit   .   (no helmet)
rElec    .         Reflect  .   (no cloak)
rCorr    .         Harm     .   (no gloves)
MR       .....                  (no boots)
Stlth    ..........             (no amulet)
Regen    0.2/turn               h - ring of protection from cold
                                n - +2 ring of evasion

@: paralysed, slowed, lost dexterity
A: no food or potions, fire vulnerability, cold resistance 1, negative energy
resistance 3, torment resistance, unbreathing
a: Renounce Religion


You were on level 7 of the Dungeon.
You worshipped Okawaru.
Okawaru was noncommittal.
You were not hungry.

You visited 1 branch of the dungeon, and saw 7 of its levels.

You collected 87 gold pieces.
You spent 28 gold pieces at shops.

Inventory:

Hand Weapons
 a - a +0 trident of venom (weapon)
 c - a +0 whip
Armour
 o - a +0 robe (worn)
Magical Staves
 r - an uncursed staff of conjuration {unknown}
Jewellery
 h - a ring of protection from cold (right hand)
 n - a +2 ring of evasion (left hand)
 q - an uncursed ring of ice
 s - an uncursed ring of stealth {unknown}
Scrolls
 d - a scroll of amnesia
 e - 2 scrolls of identify
 f - a scroll of immolation
 g - a scroll of enchant weapon
 i - a scroll of magic mapping
 j - a scroll of fog
 k - a scroll of remove curse {unknown}
 l - 2 scrolls of teleportation {unknown}
 m - a scroll of blinking {unknown}
 p - 2 scrolls of noise {unknown}
 t - a scroll of enchant armour {unknown}
 u - a scroll of recharging {unknown}
Books
 b - a book of Necromancy

   Spells                             Type                      Level
   a - Pain                           Necromancy                   1
   b - Animate Skeleton               Necromancy                   1
   c - Vampiric Draining              Necromancy                   3
   d - Regeneration                   Charms/Necromancy            3
   e - Animate Dead                   Necromancy                   4
   f - Control Undead                 Necromancy                   4


   Skills:
 - Level 1.5 Dodging
 - Level 1.5 Stealth
 + Level 6.3 Spellcasting
 + Level 6.3 Necromancy


You had 9 spell levels left.
You knew the following spells:

 Your Spells              Type           Power        Failure   Level  Hunger
a - Pain                  Necr           ####         1%          1    N/A
b - Vampiric Draining     Necr           ####......   3%          3    N/A
c - Control Undead        Necr           ####......   12%         4    N/A

Dungeon Overview and Level Annotations

Branches:
Dungeon (6/15)
 Temple: D:4-7

Altars:
Okawaru
Ru
Yredelemnul

Shops:
D:5 =

Annotations:
D:5 George's ghost, novice BaFi; Pikel


Innate Abilities, Weirdness & Mutations

You do not eat or drink.
Your flesh is vulnerable to fire.
You are immune to poison.
Your flesh is cold resistant. (rC+)
You are immune to negative energy. (rN+++)
You are immune to unholy pain and torment.
You can survive without breathing.


Message History

* * * LOW HITPOINT WARNING * * *
The quasit claws you.
* * * LOW HITPOINT WARNING * * *
The quasit bites you.
* * * LOW HITPOINT WARNING * * *
You feel clumsy. The quasit claws you.
* * * LOW HITPOINT WARNING * * *
You feel clumsy. The quasit claws you.
* * * LOW HITPOINT WARNING * * *
The quasit bites you but does no damage.
The quasit claws you.
* * * LOW HITPOINT WARNING * * *
The quasit claws you.
* * * LOW HITPOINT WARNING * * *
The quasit bites you.
* * * LOW HITPOINT WARNING * * *
The quasit claws you.
You die...

#....#.. #.
####...#
#..#.###
#......#
#...o..#
#.##...#
#.##.#.#
#.....## #.#.#
#####.# #.#o#
#.# ..#.#
#.#########.###
#.....@5o.....#
###############


You could see a quasit and an orc.

Vanquished Creatures
  An ice beast (D:3)
  A crimson imp (D:6)
  A hound (D:6)
  An orc wizard (D:3)
  Natasha (thrice) (D:2 D:3)
  6 adders
  3 oozes
  2 worms
  A dart slug (D:3)
  7 leopard geckos
  4 orcs (D:3)
  7 bats
  6 giant cockroaches
  6 goblins
  4 hobgoblins
  3 jackals (D:6)
  5 kobolds
  2 quokkas
  7 frilled lizards
  A quokka skeleton (D:4)
  4 rats
75 creatures vanquished.

Notes
Turn   | Place    | Note
-------+----------+-------------------------------------------
     0 | D:1      | Alarkh the Mummy Necromancer began the quest for the Orb.
     0 | D:1      | Reached XP level 1. HP: 13/13 MP: 4/4
   258 | D:1      | Reached XP level 2. HP: 19/19 MP: 4/6
   769 | D:2      | Reached XP level 3. HP: 20/24 MP: 0/7
   774 | D:2      | Learned a level 3 spell: Vampiric Draining
   800 | D:2      | Found a sacrificial altar of Ru.
  1181 | D:2      | Noticed Natasha
  1190 | D:2      | Killed Natasha
  1190 | D:2      | Reached skill level 5 in Necromancy
  1190 | D:2      | Reached XP level 4. HP: 10/30 MP: 1/10
  1286 | D:2      | Learned a level 4 spell: Control Undead
  1441 | D:2      | Found a sacrificial altar of Ru.
  1701 | D:3      | Found a basalt altar of Yredelemnul.
  1845 | D:3      | You fall through a shaft for 2 floors!
  1845 | D:5      | Entered Level 5 of the Dungeon
  1845 | D:5      | Found Burel's Jewellery Shoppe.
  1867 | D:5      | Bought a cursed amulet of inaccuracy for 28 gold pieces
  1896 | D:5      | Noticed George's ghost (novice BaFi)
  1920 | D:6      | Reached XP level 5. HP: 26/35 MP: 8/12
  1925 | D:6      | Reached skill level 5 in Spellcasting
  1984 | D:5      | Noticed a slave
  1985 | D:5      | Noticed Pikel
  2231 | D:3      | Noticed an ice beast
  2284 | D:3      | Noticed Natasha
  2290 | D:3      | Killed Natasha
  2290 | D:3      | Reached XP level 6. HP: 25/41 MP: 7/14
  2334 | D:3      | Killed an ice beast
  2431 | D:3      | Noticed Natasha
  2439 | D:3      | Killed Natasha
  2677 | D:3      | Found an iron altar of Okawaru.
  2685 | D:3      | Became a worshipper of Warmaster Okawaru
  2824 | D:4      | You fall through a shaft for 3 floors!
  2876 | D:7      | Lost dexterity.
  2879 | D:7      | HP: 2/41 [quasit (1)]
  2879 | D:7      | Slain by a quasit

Vault maps used:
D:1:      minmay_arrival_wavy_path
D:2:      nicolae_ru_awakened_eye, uniq_natasha
D:3:      old_standard_altar, yredelemnul_altar_generic, serial_glass,
          glass_columns_b, glass_columns_a
D:5:      first_bread, serial_shops, nicolae_shop_stone, uniq_pikel
D:6:      elyvilon_altar_5, nrook_uturn, grunt_ministairs_9
D:7:      minmay_temple_entry_water_ring, basic_altar, the_bakery,
          kennysheep_dice, uniq_duvessa, uniq_crazy_yiuf_cottage

Skill      XL: |  1  2  3  4  5  6 |
---------------+-------------------+-----
Spellcasting   | 3 4 5 6 |  6.3
Necromancy     | 5 6 |  6.3
Dodging        | |  1.5
Stealth        | |  1.5

Action                   |  1- 3 |  4- 6 || total
-------------------------+-------+-------++-------
Melee: Whip              |    33 |    10 ||    43
       Trident           |       |   105 ||   105
 Cast: Pain              |    62 |    35 ||    97
       Vampiric Draining |       |    16 ||    16
  Use: Scroll            |     2 |     3 ||     5
 Stab: Sleeping          |     1 |     7 ||     8
Armor: Robe              |    11 |    34 ||    45
Dodge: Dodged            |    31 |   149 ||   180
